[Event "Titled Tuesday Blitz November 2 2021"]
[White "Zubov, Alexander"]
[Black "De Silva, L M S T"]
[WhiteFideId "14109409"]
[BlackFideId "9953698"]
[WhiteElo "2685"]
[BlackElo "1621"]
[Result "1/2-1/2"]
[Round "05"]
[TimeControl "180+1"]
[Date "2021.11.02"]
[WhiteClock "0:00:06"]
[BlackClock "0:00:06"]

1. d4 Nf6 2. c4 e6 3. Nf3 b6 4. a3 Bb7 5. Nc3 Ne4 6. Nxe4 Bxe4 7. Nd2 Bb7 8. e4 Be7 9. Bd3 O-O 10. O-O d6 11. Nf3 Nd7 12. Re1 e5 13. d5 a5 14. b3 Nc5 15. Bc2 Bc8 16. Be3 f5 17. exf5 Bxf5 18. Bxf5 Rxf5 19. Bxc5 bxc5 20. Nd2 Qd7 21. Ne4 Raf8 22. Qd2 Rf4 23. Qxa5 Qg4 24. Re3 Bh4 25. Rf1 Qg6 26. f3 Bg5 27. Qe1 h5 28. Kh1 Bh6 29. Re2 h4 30. h3 Qh5 31. b4 cxb4 32. axb4 g5 33. c5 Qg6 34. cxd6 cxd6 35. b5 g4 36. hxg4 Bg5 37. Nf2 Rd4 38. Qc3 h3 39. Nxh3 Rxg4 40. b6 Rh4 41. f4 Bxf4 42. b7 Qg4 43. Qf3 Qf5 44. Rb2 Rb8 45. Rc1 Rg4 46. Rc8+ Rxc8 47. bxc8=Q+ Qxc8 48. Rb1 Qf5 49. Rf1 Qg6 50. Kg1 Rg3 51. Nxf4 exf4 52. Qxf4 Rxg2+ 53. Kh1 Rg5 54. Qf8+ Kh7 55. Rf7+ Qg7 56. Rxg7+ Rxg7 57. Qxd6 Rg6 58. Qe5 Rg7 59. d6 Rg6 60. Qf5 Kg7 61. Qxg6+ Kh8 62. d7 1/2-1/2


[Site "https://www.chess.com"]

[Event "Titled Tuesday Blitz November 2 2021"]
[White "Aditya Mittal"]
[Black "Bluebaum, Matthias"]
[WhiteFideId "35042025"]
[BlackFideId "24651516"]
[WhiteElo "2245"]
[BlackElo "2681"]
[Result "1-0"]
[Round "06"]
[TimeControl "180+1"]
[Date "2021.11.02"]
[WhiteClock "0:00:30"]
[BlackClock "0:00:57"]

1. d4 Nf6 2. c4 e6 3. Nc3 d5 4. cxd5 exd5 5. Bg5 c6 6. e3 h6 7. Bh4 Bf5 8. Qf3 Be6 9. Bxf6 Qxf6 10. Qxf6 gxf6 11. Bd3 a5 12. Nge2 a4 13. a3 Nd7 14. Nf4 b5 15. Na2 Nb6 16. Nb4 Kd7 17. Kd2 Bd6 18. Rac1 Bxb4+ 19. axb4 a3 20. b3 a2 21. Kc3 Ra3 22. Kb2 Rha8 23. Ra1 Nc4+ 24. bxc4 bxc4 25. Bc2 c3+ 26. Kc1 Rb8 27. Nd3 Kd6 28. Re1 Bf5 29. Re2 Bc8 30. Nc5 f5 31. Bd1 f4 32. Rexa2 Rxa2 33. Rxa2 fxe3 34. fxe3 Rxb4 35. Kc2 Rb8 36. Kxc3 Rb1 37. Bc2 Rg1 38. Ra7 Rxg2 39. Rxf7 Rxh2 40. Rf6+ Kc7 41. Ba4 h5 42. Rxc6+ Kb8 43. Rh6 h4 44. Bd7 Bxd7 45. Nxd7+ Kc7 46. Nf6 h3 47. Nxd5+ Kd7 48. Nf4 Rh1 49. Rxh3 Ra1 50. Kd3 Kd6 51. Ke4 Ra8 52. Rh6+ Kd7 53. d5 Re8+ 54. Kd4 Ra8 55. e4 Re8 56. e5 Ra8 57. Rh7+ Kc8 58. Rh8+ Kc7 59. Rxa8 Kb6 60. d6 Kb5 61. d7 Kb4 62. Rb8+ Ka4 63. d8=Q Ka3 64. Qa5# 1-0


[Site "https://www.chess.com"]

[Event "Titled Tuesday Blitz November 2 2021"]
[White "Andreikin, Dmitry"]
[Black "Zierk, Steven"]
[WhiteFideId "4158814"]
[BlackFideId "2034255"]
[WhiteElo "2736"]
[BlackElo "2494"]
[Result "1-0"]
[Round "06"]
[TimeControl "180+1"]
[Date "2021.11.02"]
[WhiteClock "0:00:55"]
[BlackClock "0:00:09"]

1. d4 d5 2. c4 dxc4 3. e3 e5 4. Bxc4 exd4 5. exd4 Bd6 6. Nf3 Nf6 7. O-O O-O 8. Nc3 Nc6 9. h3 h6 10. Bd3 Nb4 11. Bb1 Re8 12. a3 Nbd5 13. Qd3 Be6 14. Bc2 Qd7 15. Ne5 Qd8 16. Qg3 Nxc3 17. bxc3 Nh5 18. Qd3 Nf6 19. Re1 c5 20. dxc5 Bxe5 21. Rxe5 Qxd3 22. Bxd3 Nd7 23. Rh5 Rac8 24. Be3 g6 25. Rxh6 Kg7 26. Bb5 a6 27. Bxd7 Bxd7 28. Rh4 Bc6 29. Rd1 Rcd8 30. Rd6 f6 31. Rhd4 Rc8 32. Rf4 f5 33. Bd4+ 1-0


[Site "https://www.chess.com"]

[Event "Titled Tuesday Blitz November 2 2021"]
[White "Bakalchuk, Johnatan"]
[Black "Urazayev, Arystanbek"]
[WhiteFideId "2810301"]
[BlackFideId "13709810"]
[WhiteElo "2486"]
[BlackElo "2321"]
[Result "0-1"]
[Round "06"]
[TimeControl "180+1"]
[Date "2021.11.02"]
[WhiteClock "0:00:15"]
[BlackClock "0:00:28"]

1. e4 c5 2. Nf3 e6 3. d4 cxd4 4. Nxd4 Nf6 5. Nc3 Nc6 6. Ndb5 Bc5 7. Bf4 O-O 8. Bc7 Qe7 9. Bd6 Bxd6 10. Qxd6 Qd8 11. O-O-O a6 12. Nd4 Ne7 13. Nb3 b6 14. f3 Bb7 15. g4 Bc6 16. Nd4 Ne8 17. Nxc6 Nxc6 18. Qxd7 Qxd7 19. Rxd7 Ne5 20. Rb7 b5 21. Be2 Nd6 22. Rc7 Ng6 23. Rd1 Rfd8 24. Rc6 Nb7 25. Rxd8+ Nxd8 26. Rb6 Ne7 27. Rd6 Ndc6 28. a4 b4 29. Nd1 e5 30. Ne3 a5 31. Rd7 Kf8 32. c3 bxc3 33. bxc3 Rd8 34. Rxd8+ Nxd8 35. Bb5 f6 36. Kd2 Kf7 37. c4 Nb7 38. Kc3 Nc5 39. Kd2 Nc8 40. Nd5 Ke6 41. Kc3 Kd6 42. h4 h6 43. h5 Ne6 44. Kd2 Nd4 45. Ke3 Nc2+ 46. Kf2 Nd4 47. Ne3 Nb6 48. Kg3 Kc5 49. f4 Ne2+ 50. Kf3 Nxf4 51. Nf5 Ne6 52. Ba6 Nd4+ 53. Ke3 Nxf5+ 54. exf5 Nxc4+ 55. Ke4 Nb6 56. Kd3 Nxa4 0-1


[Site "https://www.chess.com"]

[Event "Titled Tuesday Blitz November 2 2021"]
[White "Bortnyk, Olexandr"]
[Black "Goltsev, Dmitry"]
[WhiteFideId "14120828"]
[BlackFideId "24176710"]
[WhiteElo "2723"]
[BlackElo "2334"]
[Result "1/2-1/2"]
[Round "06"]
[TimeControl "180+1"]
[Date "2021.11.02"]
[WhiteClock "0:00:06"]
[BlackClock "0:00:07"]

1. e4 e6 2. d4 d5 3. Nc3 Nf6 4. e5 Nfd7 5. Nce2 c5 6. f4 Nc6 7. Nf3 Qb6 8. c3 cxd4 9. cxd4 Be7 10. g3 a6 11. Bh3 Qb4+ 12. Kf1 O-O 13. Kg2 b5 14. Bd2 Qxb2 15. a3 b4 16. Qa4 Bb7 17. Rhb1 Nb6 18. Qd1 bxa3 19. Rxb2 axb2 20. Rb1 Nc4 21. Kf2 a5 22. Bc3 a4 23. Bxb2 Nxb2 24. Rxb2 Bc8 25. Rb6 Bd7 26. Ne1 a3 27. Nc2 a2 28. Qa1 Ra7 29. Nc3 Nxd4 30. Rb2 Bc5 31. Kf1 Nxc2 32. Rxc2 Bd4 33. Bg4 Rb8 34. Rxa2 Bxc3 35. Rxa7 Bxa1 36. Rxd7 g6 37. h4 h5 38. Be2 Bd4 39. g4 hxg4 40. Bxg4 Rb1+ 41. Ke2 Rh1 42. h5 gxh5 43. Bf3 Rh2+ 44. Kd1 h4 45. Bh5 f5 46. Bf7+ Kh8 47. Bxe6 Rf2 48. Bxf5 Rxf4 49. Rh7+ Kg8 50. Rh5 Kg7 51. Rh7+ Kg8 52. Rh5 Kg7 53. e6 Kf6 54. Bh3 Re4 55. Rxd5 Bf2 56. Rh5 Bg3 57. Kd2 Ke7 58. Rh7+ Kd6 59. Rd7+ Kc6 60. e7 Bd6 61. Rd8 Rxe7 62. Rg8 Bg3 63. Kd3 Re5 64. Rg6+ Kc5 65. Bg2 Rf5 66. Bh3 Rf2 67. Ke3 Rh2 68. Bg4 Rb2 69. Bh3 Be5 70. Ke4 Bc3 71. Rg5+ Kb4 72. Kd3 Rd2+ 73. Ke4 Rh2 74. Bg2 Be1 75. Kf3 Bg3 76. Rh5 Kc3 77. Rh8 Kd4 78. Rd8+ Ke5 79. Rd2 Kf6 80. Rd5 Ke6 81. Rh5 Kf6 82. Rh6+ Kg5 83. Ra6 Kf5 84. Ra5+ Ke6 85. Rb5 Kd6 86. Rb6+ Kc5 87. Rg6 Kd4 88. Rg4+ Ke5 89. Re4+ Kf6 90. Re2 h3 91. Kxg3 Rxg2+ 92. Rxg2 hxg2 93. Kxg2 1/2-1/2


[Site "https://www.chess.com"]

[Event "Titled Tuesday Blitz November 2 2021"]
[White "Cunjalo, Faris"]
[Black "Borsuk, Konstantin"]
[WhiteFideId "14410710"]
[BlackFideId "14113406"]
[WhiteElo "2234"]
[BlackElo "2397"]
[Result "1/2-1/2"]
[Round "06"]
[TimeControl "180+1"]
[Date "2021.11.02"]
[WhiteClock "0:00:04"]
[BlackClock "0:00:13"]

1. c4 g6 2. d4 Bg7 3. h4 Nf6 4. Nc3 d6 5. e4 c5 6. d5 a6 7. Be2 Nbd7 8. h5 b5 9. h6 Bf8 10. cxb5 axb5 11. Bxb5 Qa5 12. Bd2 Ba6 13. Bxa6 Qxa6 14. Nf3 e6 15. dxe6 fxe6 16. e5 dxe5 17. Qe2 Qxe2+ 18. Kxe2 Bd6 19. Ng5 Ke7 20. Nge4 Nxe4 21. Nxe4 Nb6 22. Bg5+ Kd7 23. Rh3 Nd5 24. b3 Rhf8 25. a4 Rab8 26. Rc1 Kc6 27. Be3 Rxb3 28. Bxc5 Rb2+ 29. Ke1 Bxc5 30. Rxc5+ Kb6 31. a5+ Ka7 32. g3 Rf3 33. Rh4 Rb1+ 34. Ke2 Ra3 35. Rc2 Rxa5 36. Kf3 Rb7 37. Ng5 Ra3+ 38. Kg2 Ra5 39. Nxe6 Ne7 40. Re4 Nf5 41. Nd8 Rd7 42. Nc6+ Kb6 43. Nxa5 Kxa5 44. Rxe5+ Kb6 45. Re1 Nd4 46. Rb1+ Nb5 47. Ra2 Rd5 48. Rab2 Kc6 49. Rxb5 Rxb5 50. Rxb5 Kxb5 51. Kf3 Kc5 52. Kf4 Kd6 53. Ke4 Ke6 54. f4 Kf6 55. g4 Ke6 56. Kd4 Kf6 57. Kd5 Kf7 58. Kd6 Kf6 59. Kd7 Kf7 60. Kd8 Kf8 61. Kd7 Kf7 62. Kd6 Kf6 63. Kc6 Ke6 64. Kc5 Kf6 65. Kd5 Kf7 66. Ke5 Ke7 67. f5 gxf5 68. gxf5 Kf7 69. f6 Ke8 70. Kf5 Kf7 71. Ke5 Ke8 72. Kd6 Kf7 73. Ke5 1/2-1/2


[Site "https://www.chess.com"]

[Event "Titled Tuesday Blitz November 2 2021"]
[White "De Silva, L M S T"]
[Black "Obolentseva, Alexandra"]
[WhiteFideId "9953698"]
[BlackFideId "24153648"]
[WhiteElo "1621"]
[BlackElo "2113"]
[Result "1-0"]
[Round "06"]
[TimeControl "180+1"]
[Date "2021.11.02"]
[WhiteClock "0:01:32"]
[BlackClock "0:00:18"]

1. e4 c5 2. Nf3 d6 3. Bb5+ Nd7 4. Ba4 a6 5. c4 g6 6. O-O Bg7 7. Nc3 Nf6 8. d3 O-O 9. h3 Rb8 10. Bg5 h6 11. Be3 Kh7 12. Qd2 Ne8 13. a3 b5 14. cxb5 axb5 15. Bb3 e6 16. d4 b4 17. axb4 Rxb4 18. Ba4 Nb6 19. dxc5 Nc4 20. Qc2 Rxb2 21. Qd3 Nxe3 22. fxe3 Qc7 23. Bxe8 Rxe8 24. Na4 Rb4 25. cxd6 Qc6 26. Nd4 Bxd4 27. exd4 Rxa4 28. Rxf7+ Kg8 29. Raf1 e5 30. Qb3 Be6 31. Rf8+ Kg7 32. Qxe6 Rxf8 33. Qe7+ 1-0


[Site "https://www.chess.com"]

[Event "Titled Tuesday Blitz November 2 2021"]
[White "Erdogdu, Mert"]
[Black "Przybylski, Wojciech"]
[WhiteFideId "6301495"]
[BlackFideId "1117599"]
[WhiteElo "2485"]
[BlackElo "2247"]
[Result "0-1"]
[Round "06"]
[TimeControl "180+1"]
[Date "2021.11.02"]
[WhiteClock "0:00:01"]
[BlackClock "0:00:02"]

1. e4 c5 2. Nf3 e6 3. d4 cxd4 4. Nxd4 Nc6 5. Nc3 Qc7 6. Be3 a6 7. Qd2 Nf6 8. O-O-O Be7 9. f3 b5 10. Bf4 e5 11. Nxc6 dxc6 12. Bg3 O-O 13. Kb1 Be6 14. Be2 Rfd8 15. Qe3 Qa5 16. a3 b4 17. Na2 bxa3 18. b3 c5 19. Qc3 Qb6 20. Bxe5 c4 21. Bxc4 Rdc8 22. Ka1 a5 23. Bd4 Qb7 24. g4 a4 25. g5 axb3 26. cxb3 Nh5 27. Rc1 Bxg5 28. Rcg1 Bh6 29. Rg2 g6 30. Rb1 Nf4 31. Rc2 Qd7 32. Be5 Bxc4 33. bxc4 Ne6 34. Nb4 Bf8 35. Nd5 Be7 36. Nxe7+ Qxe7 37. Bf6 Qc5 38. Be5 Qc6 39. Rb5 Ra6 40. Ka2 Ra7 41. Rd5 Rd7 42. Qd3 Rb7 43. c5 Qa4 44. Bf6 Ra8 45. c6 Rb2+ 0-1


[Site "https://www.chess.com"]

[Event "Titled Tuesday Blitz November 2 2021"]
[White "Gaehwiler, Gabriel"]
[Black "Perera Alfonso, Rene Humberto"]
[WhiteFideId "1314530"]
[BlackFideId "3514722"]
[WhiteElo "2320"]
[BlackElo "2313"]
[Result "1-0"]
[Round "06"]
[TimeControl "180+1"]
[Date "2021.11.02"]
[WhiteClock "0:00:53"]
[BlackClock "0:00:36"]

1. d4 d5 2. c4 c6 3. Nf3 Nf6 4. Nc3 dxc4 5. a4 Bf5 6. Ne5 Na6 7. f3 Nd7 8. Nxd7 Bxd7 9. e4 e5 10. d5 Bc5 11. Bxc4 Nb4 12. h4 h6 13. g3 a5 14. Kf1 O-O 15. Kg2 Kh8 16. g4 Rc8 17. Qe2 Bd4 18. Rd1 b5 19. Bb3 c5 20. axb5 c4 21. Bxc4 1-0


[Site "https://www.chess.com"]

[Event "Titled Tuesday Blitz November 2 2021"]
[White "Goltseva, Ekaterina"]
[Black "Svane, Frederik"]
[WhiteFideId "24173770"]
[BlackFideId "12923044"]
[WhiteElo "2059"]
[BlackElo "2459"]
[Result "0-1"]
[Round "06"]
[TimeControl "180+1"]
[Date "2021.11.02"]
[WhiteClock "0:00:40"]
[BlackClock "0:01:26"]

1. d4 Nf6 2. c4 e6 3. Nc3 Bb4 4. g3 O-O 5. Bg2 d5 6. Nf3 dxc4 7. O-O Nc6 8. Qa4 Nd5 9. Qc2 Be7 10. Rd1 a6 11. e4 Ncb4 12. Qd2 Nxc3 13. Qxc3 b5 14. d5 exd5 15. exd5 Bb7 16. Ne5 Bf6 17. Bf4 Nd3 18. b3 Re8 19. Rxd3 cxd3 20. Re1 Bxd5 21. Qxd3 Bxg2 22. Qxd8 Raxd8 23. Kxg2 Bxe5 24. Rxe5 Rxe5 25. Bxe5 Rd2 26. Bxc7 Rxa2 27. b4 Ra4 28. Ba5 Rxa5 29. bxa5 b4 30. Kf3 b3 31. Ke2 b2 32. Kd2 b1=Q 0-1


[Site "https://www.chess.com"]

[Event "Titled Tuesday Blitz November 2 2021"]
[White "Hansen, Eric"]
[Black "Kaasen, Tor Fredrik"]
[WhiteFideId "2606771"]
[BlackFideId "1516647"]
[WhiteElo "2568"]
[BlackElo "2349"]
[Result "1/2-1/2"]
[Round "06"]
[TimeControl "180+1"]
[Date "2021.11.02"]
[WhiteClock "0:00:04"]
[BlackClock "0:00:09"]

1. e4 c5 2. Nf3 d6 3. d4 cxd4 4. Nxd4 Nf6 5. Nc3 a6 6. Be2 e5 7. Nb3 Be7 8. g4 h6 9. Be3 Be6 10. h3 d5 11. exd5 Nxd5 12. Nxd5 Qxd5 13. Bf3 e4 14. Qxd5 Bxd5 15. Be2 Nc6 16. O-O-O O-O-O 17. Nc5 Bxc5 18. Bxc5 Kc7 19. c4 Be6 20. Kc2 b6 21. Be3 Nb4+ 22. Kc3 Nc6 23. b4 g5 24. h4 Rxd1 25. Bxd1 Rg8 26. hxg5 hxg5 27. Rh5 Ne5 28. Rxg5 Rxg5 29. Bxg5 Nxg4 30. Bh4 Kc6 31. a4 Ne5 32. Be2 Bg4 33. Bf1 Bd1 34. b5+ Kb7 35. Bg3 Nd3 36. Bh3 Bxa4 37. bxa6+ Kxa6 38. Bc8+ Ka7 39. Kd4 Nc5 40. Ke5 Bb3 41. Kd4 Ne6+ 42. Kc3 Bd1 43. Bxe6 fxe6 44. Kd4 Be2 45. Kc3 Kb7 46. Kb4 Kc6 47. Be5 Bf1 48. Bf4 b5 49. cxb5+ Bxb5 50. Kc3 Bd3 51. Kd2 1/2-1/2


[Site "https://www.chess.com"]

[Event "Titled Tuesday Blitz November 2 2021"]
[White "Harshavardhan G B"]
[Black "Djordjevic, Vuk"]
[WhiteFideId "25059009"]
[BlackFideId "902098"]
[WhiteElo "1825"]
[BlackElo "2463"]
[Result "1-0"]
[Round "06"]
[TimeControl "180+1"]
[Date "2021.11.02"]
[WhiteClock "0:01:41"]
[BlackClock "0:01:08"]

1. e4 e6 2. d4 d5 3. Bd3 c5 4. exd5 exd5 5. dxc5 Bxc5 6. Nf3 Nf6 7. O-O O-O 8. Nc3 Bg4 9. h3 Bh5 10. Bg5 Nc6 11. Qd2 Bxf3 12. gxf3 Nd4 13. Qf4 Ne6 14. Qh4 Nxg5 15. Qxg5 Qd6 16. Kh1 h6 17. Qh4 Kh8 18. Rg1 Qe5 19. Rxg7 Nh5 20. Rh7+ Kg8 21. Rg1+ Ng7 22. Rh8+ Kxh8 23. Qxh6+ Kg8 24. Qh7# 1-0


[Site "https://www.chess.com"]

[Event "Titled Tuesday Blitz November 2 2021"]
[White "Kadam, Om Manish"]
[Black "Nyudleev, Dolgan"]
[WhiteFideId "45076294"]
[BlackFideId "4198360"]
[WhiteElo "1729"]
[BlackElo "2354"]
[Result "0-1"]
[Round "06"]
[TimeControl "180+1"]
[Date "2021.11.02"]
[WhiteClock "0:01:06"]
[BlackClock "0:00:16"]

1. e4 c5 2. Nf3 d6 3. d4 Nf6 4. Nc3 cxd4 5. Nxd4 Nc6 6. g3 g6 7. Bg2 Bg7 8. Nxc6 bxc6 9. e5 dxe5 10. Bxc6+ Bd7 11. Bxa8 Qxa8 12. f3 Bh3 13. Bg5 O-O 14. Qe2 Rd8 15. Rd1 Rc8 16. Bxf6 exf6 17. Nd5 Qb7 18. c4 h5 19. b3 Re8 20. Qe4 Qa6 21. Qe2 e4 22. f4 Bg4 23. Qd2 Bxd1 24. Nc7 Qc6 25. Nxe8 Bf3 26. Qd8 Kh7 27. Rf1 Qc5 28. Qd2 Bh8 29. Qc3 f5 30. Qd2 e3 31. Qd6 Bc3+ 0-1


[Site "https://www.chess.com"]

[Event "Titled Tuesday Blitz November 2 2021"]
[White "Kalashian, David"]
[Black "Khanin, Semen"]
[WhiteFideId "13302418"]
[BlackFideId "4111990"]
[WhiteElo "2490"]
[BlackElo "2436"]
[Result "1-0"]
[Round "06"]
[TimeControl "180+1"]
[Date "2021.11.02"]
[WhiteClock "0:00:09"]
[BlackClock "0:00:20"]

1. d4 g6 2. e4 Bg7 3. Nc3 d6 4. f4 a6 5. a4 Nf6 6. Nf3 O-O 7. e5 Nh5 8. Be2 c5 9. dxc5 dxe5 10. Nxe5 Bxe5 11. fxe5 Qxd1+ 12. Bxd1 Nc6 13. Bxh5 gxh5 14. Bf4 Bf5 15. O-O-O Rfd8 16. Nd5 Kg7 17. Nb6 Rxd1+ 18. Rxd1 Rd8 19. Rxd8 Nxd8 20. Kd2 Be4 21. g3 Kg6 22. b4 Kf5 23. c4 Nc6 24. b5 axb5 25. cxb5 Nxe5 26. Bxe5 Kxe5 27. Ke3 f5 28. a5 h4 29. a6 bxa6 30. bxa6 hxg3 31. hxg3 Bc6 32. a7 Ke6 33. Kd4 h5 34. a8=Q Bxa8 35. Nxa8 f4 36. gxf4 h4 37. Ke3 Kd5 38. Nc7+ Kxc5 39. Ne6+ Kd5 40. Ng5 e6 41. Kf3 h3 42. Nxh3 e5 43. f5 e4+ 44. Kf4 e3 45. Ng1 Kd4 46. f6 1-0


[Site "https://www.chess.com"]

[Event "Titled Tuesday Blitz November 2 2021"]
[White "Kalogeris, Ioannis"]
[Black "Sanal, Vahap"]
[WhiteFideId "4239563"]
[BlackFideId "6300545"]
[WhiteElo "2287"]
[BlackElo "2492"]
[Result "0-1"]
[Round "06"]
[TimeControl "180+1"]
[Date "2021.11.02"]
[WhiteClock "0:00:02"]
[BlackClock "0:00:50"]

1. e4 c5 2. Nf3 Nc6 3. Nc3 d6 4. Bc4 e6 5. O-O Nf6 6. d3 Be7 7. Bf4 O-O 8. a4 e5 9. Bg5 Bg4 10. h3 Bh5 11. Bxf6 Bxf6 12. Nd5 Be7 13. Ne3 Kh8 14. c3 Bxf3 15. Qxf3 g6 16. Bd5 Bg5 17. Qg4 Bh6 18. h4 Ne7 19. h5 f5 20. Qh3 Nxd5 21. Nxd5 Kg7 22. b4 cxb4 23. Rab1 Rf7 24. Rxb4 Qg5 25. Rfb1 b6 26. hxg6 hxg6 27. a5 Raf8 28. axb6 axb6 29. Rxb6 fxe4 30. dxe4 Rxf2 31. Rb7+ R2f7 32. Qe6 Qg3 33. Rxf7+ Rxf7 34. Qxd6 Qf2+ 35. Kh1 Qh4+ 36. Kg1 Qf2+ 37. Kh1 Bf4 38. Nxf4 Rxf4 39. Qxe5+ Kh6 40. Qh8+ Kg5 41. Qd8+ Kg4 42. Qd7+ Kh5 43. Qh7+ Kg5 44. Rb5+ Kf6 45. e5+ Kf5 46. Qf7+ Kg5 47. e6+ Kh6 0-1


[Site "https://www.chess.com"]

[Event "Titled Tuesday Blitz November 2 2021"]
[White "Lazavik, Denis"]
[Black "Alavi, Sayed Javad"]
[WhiteFideId "13515110"]
[BlackFideId "12500607"]
[WhiteElo "2436"]
[BlackElo "2495"]
[Result "1/2-1/2"]
[Round "06"]
[TimeControl "180+1"]
[Date "2021.11.02"]
[WhiteClock "0:00:06"]
[BlackClock "0:00:06"]

1. d4 Nf6 2. c4 e6 3. Nf3 Bb4+ 4. Bd2 a5 5. g3 d5 6. Bg2 O-O 7. O-O dxc4 8. Qc2 Bxd2 9. Nbxd2 b5 10. a4 c6 11. b3 cxb3 12. Nxb3 Ba6 13. Rfd1 bxa4 14. Nc5 Bb5 15. Ne5 Nd5 16. Nxa4 Na6 17. e4 Nab4 18. Qd2 Bxa4 19. Rxa4 Nb6 20. Raa1 Qd6 21. Rac1 Rfd8 22. h4 h6 23. g4 a4 24. g5 Qxe5 25. dxe5 Rxd2 26. Rxd2 hxg5 27. hxg5 a3 28. Bf1 a2 29. Ra1 c5 30. Rd6 Na4 31. Bc4 Nb2 32. Bxa2 c4 33. Rb6 Ra4 34. Kg2 c3 35. Rxb4 Rxb4 36. Rc1 Na4 37. Bb1 g6 38. Bc2 Nc5 39. Kf3 Rb2 40. Ke3 Rb4 41. f4 Kg7 42. Bd3 Rb3 43. Kd4 Nxd3 44. Kxd3 Rb2 45. Rxc3 Rh2 46. Rc4 Rh3+ 47. Ke2 Rh2+ 48. Ke3 Rh3+ 49. Kf2 Rh2+ 50. Kg3 Rd2 51. Rc3 Rd4 52. Re3 Ra4 53. Kf3 Rb4 54. Re1 Rb3+ 55. Kg4 Rb4 56. Re2 Ra4 57. Kf3 Ra3+ 58. Re3 Ra4 59. Rc3 Rb4 60. Ke3 Ra4 61. Kd3 Rb4 62. Rc7 Rb3+ 63. Ke2 Rb2+ 64. Kf3 Rb3+ 65. Kg4 Rb4 66. Kf3 Rb3+ 67. Ke2 Rb2+ 68. Ke3 Rb3+ 69. Ke2 1/2-1/2


[Site "https://www.chess.com"]

[Event "Titled Tuesday Blitz November 2 2021"]
[White "Le, Tuan Minh"]
[Black "Smirnov, Pavel"]
[WhiteFideId "12401153"]
[BlackFideId "4123425"]
[WhiteElo "2450"]
[BlackElo "2571"]
[Result "1/2-1/2"]
[Round "06"]
[TimeControl "180+1"]
[Date "2021.11.02"]
[WhiteClock "0:00:08"]
[BlackClock "0:00:04"]

1. d4 Nf6 2. Nf3 d5 3. Bf4 e6 4. e3 Bd6 5. Nbd2 O-O 6. c3 Bxf4 7. exf4 b6 8. Bd3 Ba6 9. Bxa6 Nxa6 10. Qe2 Nb8 11. O-O c5 12. Rfe1 Nc6 13. Rad1 Qc7 14. g3 Rab8 15. Nf1 cxd4 16. cxd4 Rfc8 17. Ne3 Ne4 18. f5 Qd7 19. fxe6 Qxe6 20. Nxd5 Qxd5 21. Qxe4 Rd8 22. Qf4 h6 23. a3 Rd6 24. Re4 Rbd8 25. Rde1 Kh7 26. Qe3 Rf6 27. Kg2 Rdd6 28. Qd3 g6 29. Qc3 Rf5 30. Qe3 Rdf6 31. Ne5 Rxf2+ 32. Qxf2 Rxf2+ 33. Kxf2 Nxd4 34. Rf4 Nf5 35. Re2 h5 36. Nf3 Qc5+ 37. Ke1 Kh6 38. Rfe4 f6 39. Kf1 Qd5 40. Kg2 g5 41. h3 Kg6 42. g4 hxg4 43. hxg4 Nh6 44. Kg3 Qd6+ 45. Kh3 Qd7 46. Kg3 Qc7+ 47. Kg2 Qc8 48. Nh2 b5 49. Rd2 Qc6 50. Re2 f5 51. gxf5+ Kxf5 52. Kf2 Qxe4 53. Rxe4 Kxe4 54. Nf3 Nf7 55. Ke2 g4 56. Nd2+ Kf4 57. Nb3 g3 58. Nd4 a6 59. Ne6+ Ke4 60. Nc5+ Kf4 61. Nxa6 Ne5 62. Nc5 Kg4 63. Ne4 g2 64. Kf2 Kh3 65. Nc3 Kh2 66. Ne2 Nd3+ 67. Ke3 Nxb2 68. Kd4 Nc4 69. a4 Nd6 70. a5 Nc8 71. Kc5 b4 72. Kxb4 Na7 73. Kc5 g1=Q+ 74. Nxg1 Kxg1 75. Kb6 Nc8+ 76. Kc7 Na7 77. a6 Nb5+ 78. Kc6 Na7+ 79. Kb7 Nb5 80. Kb6 Nd6 81. Kc5 Nc8 82. Kc6 Na7+ 83. Kd7 Nb5 84. Kd8 Na7 85. Kc7 Nb5+ 86. Kc6 Na7+ 1/2-1/2


[Site "https://www.chess.com"]

[Event "Titled Tuesday Blitz November 2 2021"]
[White "Majdan, Joanna"]
[Black "Zubov, Alexander"]
[WhiteFideId "1121979"]
[BlackFideId "14109409"]
[WhiteElo "2270"]
[BlackElo "2685"]
[Result "0-1"]
[Round "06"]
[TimeControl "180+1"]
[Date "2021.11.02"]
[WhiteClock "0:00:02"]
[BlackClock "0:00:03"]

1. e4 e5 2. Nf3 Nc6 3. c3 Nf6 4. d4 exd4 5. e5 Ne4 6. Qe2 d5 7. exd6 f5 8. Nxd4 Bxd6 9. f3 Qh4+ 10. g3 Bxg3+ 11. hxg3 Qxh1 12. fxe4 O-O 13. Bf4 fxe4 14. Nxc6 bxc6 15. Nd2 e3 16. Nb3 Rxf4 17. O-O-O Rf8 18. Qc4+ Kh8 19. Bd3 Qh6 20. Kb1 Bf5 21. Bxf5 Rxf5 22. Nd4 Rf2 23. Re1 Rb8 24. Kc1 e2+ 25. Kc2 Qe3 26. Rxe2 Rxe2+ 27. Nxe2 Rf8 28. Nd4 h6 29. Qxc6 Qf2+ 30. Kb3 Rb8+ 31. Kc4 Qxb2 32. Qxc7 Qb6 33. Qd7 Qa6+ 34. Kd5 Qxa2+ 35. c4 Rg8 36. Ne6 a5 37. Ke5 Qe2+ 38. Kf4 Qxc4+ 39. Kf5 Qc2+ 40. Ke5 a4 41. Nf4 Qb2+ 42. Ke6 Qb3+ 43. Ke5 Qc3+ 44. Ke6 Qf6+ 45. Kd5 Rd8 46. Ng6+ Kh7 0-1


[Site "https://www.chess.com"]

[Event "Titled Tuesday Blitz November 2 2021"]
[White "Manukyan, Artyom"]
[Black "Holt, Conrad"]
[WhiteFideId "13305786"]
[BlackFideId "2034387"]
[WhiteElo "2034"]
[BlackElo "2586"]
[Result "0-1"]
[Round "06"]
[TimeControl "180+1"]
[Date "2021.11.02"]
[WhiteClock "0:00:15"]
[BlackClock "0:00:09"]

1. e4 e6 2. d4 d5 3. Bd3 dxe4 4. Bxe4 Nf6 5. Bf3 c5 6. Ne2 Nc6 7. Be3 cxd4 8. Nxd4 Ne5 9. Nc3 Bb4 10. Nb5 O-O 11. Qxd8 Nxf3+ 12. gxf3 Rxd8 13. Nc7 Bd7 14. Nxa8 Rxa8 15. Bd2 Bc6 16. Ke2 Rc8 17. a3 Bxc3 18. Bxc3 Nd5 19. Rhg1 f6 20. Rad1 Kf7 21. Rd4 e5 22. Rdg4 g5 23. h4 h5 24. R4g3 gxh4 25. Rg7+ Ke6 26. Bd2 Bb5+ 27. Kd1 Ba4 28. b3 Bc6 29. Ke2 Ne7 30. Rh7 Nf5 31. c3 a5 32. Rxh5 a4 33. b4 Bb5+ 34. Ke1 Rd8 35. Rg4 Rd3 36. Rh7 Rxf3 37. Rxb7 Bd3 38. Rb6+ Kf7 39. Rb7+ Ke6 40. Rb6+ Kd5 41. Rxf6 h3 42. Rg8 Kc4 43. Rc8+ Kb3 44. Rh8 Kxa3 45. b5 Bxb5 46. Rxf5 Rxf5 47. Rxh3 Bc4 48. Rh4 Kb3 49. Bc1 a3 50. Bxa3 Rg5 51. Bc1 Rg1+ 52. Kd2 Rf1 53. Rh2 e4 54. Rg2 Ka2 55. Rh2 Kb1 56. Rg2 Rxc1 57. Rg4 Bd3 58. f3 Rc2+ 59. Kd1 Be2+ 60. Ke1 Bxf3 61. Rg7 Kc1 62. Rb7 Rxc3 63. Kf2 Rc2+ 64. Ke3 Re2+ 65. Kf4 Kc2 66. Rd7 Kc3 67. Rd6 Rd2 68. Re6 Kd3 69. Rd6+ Ke2 70. Re6 Rd8 71. Re5 Rf8+ 72. Kg3 e3 73. Ra5 Rg8+ 74. Kf4 Rg4+ 75. Kf5 Rb4 76. Ra2+ Kf1 77. Ra1+ Kf2 78. Ra2+ e2 79. Kg5 Kf1 80. Kh6 e1=Q 81. Rh2 Qe6+ 82. Kg7 Rg4+ 83. Kh7 Qg6+ 84. Kh8 Qg7# 0-1


[Site "https://www.chess.com"]

[Event "Titled Tuesday Blitz November 2 2021"]
[White "Matinian, Nikita"]
[Black "Mikhailovsky, Vladimir"]
[WhiteFideId "24129100"]
[BlackFideId "34105414"]
[WhiteElo "2464"]
[BlackElo "2402"]
[Result "0-1"]
[Round "06"]
[TimeControl "180+1"]
[Date "2021.11.02"]
[WhiteClock "0:00:01"]
[BlackClock "0:00:05"]

1. e4 d6 2. d4 Nf6 3. Nc3 e5 4. Nf3 Nbd7 5. Bc4 Be7 6. O-O O-O 7. Re1 c6 8. a4 a5 9. h3 exd4 10. Nxd4 Nb6 11. Bb3 Nfd7 12. Bf4 Nc5 13. Qf3 Nxb3 14. cxb3 Nd7 15. Rad1 Qc7 16. Qg3 Ne5 17. Bh6 Bf6 18. Bg5 Qe7 19. Bxf6 Qxf6 20. f4 Ng6 21. Rf1 Re8 22. Rd3 Bd7 23. Nde2 Rad8 24. Rfd1 Bc8 25. Qf2 h6 26. Kh2 Kh7 27. g3 Nf8 28. Qd4 Qe7 29. Qb6 Ne6 30. Qxa5 Nc5 31. Re3 Nxb3 32. Qb6 Nc5 33. e5 d5 34. Nd4 Ne6 35. Nxe6 Bxe6 36. Ne2 Ra8 37. b3 Ra6 38. Qd4 c5 39. Qd3+ g6 40. g4 d4 41. Rf3 Bd5 42. Rf2 f6 43. Ng3 fxe5 44. fxe5 Qxe5 45. Rdf1 Re7 46. Qb5 Rae6 47. Qxc5 h5 0-1


[Site "https://www.chess.com"]